 Dungeon Crawl Stone Soup version 0.30-a0-1082-g70414cbcbb (webtiles) character file.

Game seed: 10740966208269176333

11 BlasphemerAmon the Trooper (level 2, -1/26 HPs)
             Began as a Ghoul Fighter on Apr 16, 2023.
             Slain by a jackal (2 damage)
             ... on level 1 of the Dungeon.
             The game lasted 00:02:03 (379 turns).

BlasphemerAmon the Trooper (Ghoul Fighter)           Turns: 379, Time: 00:02:03

Health: -1/26      AC:  6    Str: 19    XL:     2   Next: 29%
Magic:  1/1        EV:  9    Int:  3    God:
Gold:   46         SH:  4    Dex:  8    Spells: 1/1 levels left

rFire   . . .      SeeInvis .    (no weapon)
rCold   + . .      Faith    .    c - +0 buckler
rNeg    + + +      Spirit   .    b - +0 scale mail
rPois   ∞          Reflect  .    (no helmet)
rElec   .          Rampage  .    (no cloak)
rCorr   .                        (no gloves)
Will    .....                    (no boots) Stlth
                                 (no amulet)
HPRegen 0.00/turn                (no ring)
MPRegen 0.07/turn                (no ring)

@: inhibited regen
A: claws 1, cold resistance 1, negative energy resistance 3, inhibited
regeneration, torment resistance 2, devour on kill
a: no special abilities


You were on level 1 of the Dungeon.
You visited 1 branch of the dungeon, and saw 1 of its levels.

You collected 46 gold pieces.

Inventory:

Hand Weapons
 a - a +0 long sword
Armour
 b - a +0 scale mail (worn)
 c - a +0 buckler (worn)
Scrolls
 e - a scroll of blinking {unknown}
 f - a scroll of immolation {unknown}
Potions
 d - a potion of might


   Skills:
 * Level 3.5 Fighting
 - Level 2.0 Long Blades
 + Level 2.7 Armour
 + Level 0.4 Stealth
 * Level 2.9 Shields
 * Level 0.0 Unarmed Combat


You had one spell level left.
You didn't know any spells.
Your spell library was empty.

Dungeon Overview and Level Annotations

Branches:
Dungeon (1/15)

Altars:


Innate Abilities, Weirdness & Mutations

You are immune to poison.
You have sharp fingernails.
Your flesh is cold resistant. (rC+)
You are immune to negative energy. (rN+++)
You do not regenerate when monsters are visible.
You are immune to unholy pain and torment.
You thrive by killing the living.


Message History

The jackal bites you. The giant cockroach closely misses you.
The jackal bites you. The frilled lizard closely misses you.
The giant cockroach bites you but does no damage.
You block the jackal's attack.
You closely miss the jackal.
The jackal bites you but does no damage.
The jackal bites you. The jackal closely misses you.
The giant cockroach bites you but does no damage.
The frilled lizard bites you but does no damage.
You scratch the jackal.
The jackal is lightly wounded.
The jackal completely misses you. The jackal bites you.
* * * LOW HITPOINT WARNING * * *
The jackal bites you but does no damage.
The giant cockroach misses you. The frilled lizard bites you.
* * * LOW HITPOINT WARNING * * *
The jackal bites you.
* * * LOW HITPOINT WARNING * * *
You closely miss the jackal.
The jackal is lightly wounded.
You block the jackal's attack. The jackal barely misses you.
The giant cockroach bites you but does no damage.
The jackal bites you but does no damage.
The frilled lizard bites you but does no damage.
The jackal bites you.
* * * LOW HITPOINT WARNING * * *
The jackal bites you but does no damage.
You scratch the giant cockroach but do no damage.
The jackal bites you but does no damage.
The giant cockroach bites you.
* * * LOW HITPOINT WARNING * * *
The jackal barely misses you. x2; The frilled lizard barely misses you.
The jackal bites you but does no damage.
The giant cockroach barely misses you.
You scratch the giant cockroach.
The giant cockroach is heavily wounded.
The jackal barely misses you.
The jackal bites you but does no damage.
The jackal bites you.
You die...

#.#.####.#...... #..
##.#.####.#......
#<. ................
#..
##.#.###...[.....
#.. ................
#.. #.#.##..)......#
#..
#####.#.##.........#
#..
..!....hl..........#
#..
.....?B@h..........#
###
#####.h###.........#
#... #.........#
#... #..........
#... #.....#...#
#... #.....#...#
#... ...h... .. _...


You could see 3 jackals, a giant cockroach and a frilled lizard.

Vanquished Creatures
  2 bats (D:1)
  An endoplasm (D:1)
  A hobgoblin (D:1)
  2 ball pythons (D:1)
  A frilled lizard (D:1)
  2 kobolds (D:1)
  3 rats (D:1)
12 creatures vanquished.

Notes
Turn   | Place    | Note
-------+----------+-------------------------------------------
     0 | D:1      | BlasphemerAmon the Ghoul Fighter began the quest for the
                  | Orb.
     0 | D:1      | Reached XP level 1. HP: 19/19 MP: 0/0
   254 | D:1      | Reached XP level 2. HP: 25/26 MP: 1/1
   360 | D:1      | Found a faded altar of an unknown god.
   378 | D:1      | HP: 1/26 [giant cockroach (1)]
   379 | D:1      | Slain by a jackal

Illustrated notes

Levels and vault maps discovered:
D:1:      lemuel_arrival_funnel, layout_basic, basic_ecumenical_altar

Skill      XL: |  1  2 |
---------------+-------+-----
Long Blades    | 2 |  2.0
Fighting       | |  3.5
Armour         | |  2.7
Stealth        | |  0.4
Shields        | |  2.9

Action                     || total
---------------------------++-------
  Melee: Long sword        ||    46
         Unarmed           ||    18
 Armour: Scale mail        ||    56
  Dodge: Dodged            ||    51
  Block: Buckler           ||    18

Table legend: (Time is in decaauts)
 A = Elapsed time spent in this place.
 B = Non-inter-level travel time spent in this place.
 C = Inter-level travel time spent in this place.
 D = Time resting spent in this place.
 E = Time spent auto-exploring this place.
 F = Levels seen in this place.
 G = Mean time per level.
                   A        B        C        D        E       F      G
               +--------+--------+--------+--------+--------+-----+--------+
         Total |    394 |    394 |      0 |      0 |      0 |   1 |  394.0 |
       Dungeon |    394 |    394 |      0 |      0 |      0 |   1 |  394.0 |
               +--------+--------+--------+--------+--------+-----+--------+

Top non-repeatable levels by time:
     D:1: 394 daAuts
